[ AOE2 MATCH · #484388243 ]
UnrankedJapanese vs Burgundians
[ REPLAY ANALYSIS · EXTRACTED FROM THE RECORDED GAME ]
Feudal
19:32
Castle
25:28
Imperial
45:22
| APM avg | 13.5 |
| APM peak | 35 |
| eAPM avg | 11.1 |
| Villagers / military | 120 / 25 |
Focus
⚔️ 22.1% · 🌾 77.9%
Fishing Ship ×31 · Samurai ×10 · Cavalry Archer ×6 · Trade Cart ×5 · Cannon Galleon ×4 · Trebuchet (Packed) ×3
Feudal
18:11
Castle
24:11
Imperial
49:11
| APM avg | 22.4 |
| APM peak | 50 |
| eAPM avg | 12.9 |
| Villagers / military | 117 / 109 |
Focus
⚔️ 33.3% · 🌾 66.7%
Knight ×89 · Fishing Ship ×22 · Galley ×20
Feudal
15:06
Castle
25:44
Imperial
—
| APM avg | 15.9 |
| APM peak | 66 |
| eAPM avg | 9.8 |
| Villagers / military | 131 / 184 |
Focus
⚔️ 34.0% · 🌾 66.0%
Spearman ×80 · Fishing Ship ×49 · Skirmisher ×44 · Knight ×33 · Tarkan ×25 · Monk ×1
Feudal
14:01
Castle
18:59
Imperial
34:24
| APM avg | 22.6 |
| APM peak | 62 |
| eAPM avg | 13.8 |
| Villagers / military | 128 / 113 |
Focus
⚔️ 30.7% · 🌾 69.3%
Knight ×56 · Cavalry Archer ×42 · Trebuchet (Packed) ×13 · Monk ×2
Match map
Initial resources + every placement click. Lines = walls · curves = elevation contours. ◆ gold · ⬟ stone · ● berries · ✦ relic · ◌ wall gap
Your base· Open — 4t gap
Wollof_08 / German Mum's base· Open — 4t gap
wheder's base· Open — unwalled flank
做爱真舒服's base· Open — unwalled flank
Smoothed initial terrain · ◌ = detected wall gap · hover for details
Inputs per minute
— malejgaz - - Wollof_08 / German Mum
Build order — malejgaz
First 150 of 236 actions detected
| 1:17 | Build | Town Center |
| 2:33 | Build | House |
| 2:43 | Build | House |
| 3:39 | Create | Villager (Male) ×4 |
| 4:42 | Create | Villager (Male) |
| 4:42 | Create | Villager (Male) |
| 7:03 | Create | Villager (Male) |
| 7:03 | Create | Villager (Male) |
| 7:04 | Create | Villager (Male) |
| 7:04 | Create | Villager (Male) |
| 7:04 | Create | Villager (Male) |
| 7:05 | Research | Loom |
| 8:23 | Build | House |
| 8:25 | Build | House |
| 8:32 | Create | Villager (Male) |
| 9:13 | Create | Villager (Male) |
| 9:13 | Create | Villager (Male) |
| 9:14 | Create | Villager (Male) |
| 9:14 | Create | Villager (Male) |
| 9:40 | Create | Villager (Male) |
| 9:40 | Create | Villager (Male) |
| 10:09 | Build | Dock |
| 11:38 | Create | Fishing Ship |
| 11:39 | Create | Fishing Ship |
| 11:44 | Create | Villager (Male) |
| 11:44 | Create | Villager (Male) |
| 11:45 | Create | Villager (Male) |
| 11:45 | Create | Villager (Male) |
| 11:45 | Create | Villager (Male) |
| 11:45 | Create | Villager (Male) |
| 12:42 | Create | Fishing Ship |
| 12:43 | Create | Fishing Ship |
| 13:30 | Build | House |
| 13:34 | Build | House |
| 13:58 | Create | Fishing Ship |
| 13:59 | Create | Fishing Ship |
| 14:27 | Create | Villager (Male) |
| 14:27 | Create | Villager (Male) |
| 14:35 | Build | Dock |
| 14:58 | Create | Villager (Male) |
| 15:15 | Create | Fishing Ship |
| 15:15 | Create | Fishing Ship |
| 15:32 | Build | Mill |
| 15:40 | Build | Mining Camp |
| 15:43 | Create | Villager (Male) |
| 15:56 | Create | Fishing Ship |
| 15:56 | Create | Fishing Ship |
| 16:04 | Build | House |
| 16:05 | Build | House |
| 16:20 | Create | Villager (Male) |
| 16:23 | Create | Villager (Male) |
| 16:48 | Build | Lumber Camp |
| 17:02 | Research | Feudal Age |
| 17:06 | Build | Mining Camp |
| 17:33 | Create | Fishing Ship |
| 17:34 | Create | Fishing Ship |
| 18:05 | Create | Villager (Male) |
| 18:05 | Create | Villager (Male) |
| 18:19 | Create | Fishing Ship |
| 18:19 | Create | Fishing Ship |
| 18:29 | Create | Fishing Ship |
| 18:30 | Create | Fishing Ship |
| 19:07 | Build | Barracks |
| 19:21 | Create | Fishing Ship |
| 19:22 | Create | Fishing Ship |
| 19:32 | Age | Feudal Age |
| 19:38 | Build | House |
| 19:39 | Build | House |
| 19:49 | Build | House |
| 19:51 | Build | House |
| 19:52 | Build | House |
| 19:58 | Research | Tech 906 |
| 20:08 | Research | Double-Bit Axe |
| 20:27 | Create | Villager (Male) |
| 20:29 | Research | Town Watch |
| 20:46 | Build | Blacksmith |
| 21:02 | Research | Horse Collar |
| 21:11 | Create | Villager (Male) |
| 21:32 | Build | Market |
| 21:40 | Create | Fishing Ship |
| 21:46 | Create | Fishing Ship |
| 21:51 | Create | Villager (Male) |
| 21:56 | Research | Stone Mining |
| 22:17 | Create | Villager (Male) |
| 22:44 | Research | Castle Age |
| 23:08 | Build | Dock |
| 23:27 | Research | Arson |
| 23:35 | Research | Fletching |
| 23:36 | Research | Scale Mail Armor |
| 23:44 | Create | Villager (Male) |
| 23:45 | Create | Villager (Male) |
| 23:45 | Create | Villager (Male) |
| 23:52 | Research | Gold Mining |
| 23:52 | Research | Gold Mining |
| 24:12 | Build | Dock |
| 24:19 | Create | Villager (Male) |
| 24:26 | Research | Forging |
| 24:57 | Create | Fishing Ship |
| 24:58 | Create | Fishing Ship |
| 25:28 | Age | Castle Age |
| 25:42 | Build | Outpost |
| 25:55 | Build | University |
| 25:59 | Research | Gold Shaft Mining |
| 26:03 | Research | Bow Saw |
| 26:07 | Research | Gillnets |
| 26:29 | Create | Fishing Ship |
| 26:29 | Create | Fishing Ship |
| 26:39 | Build | Castle |
| 26:48 | Research | Treadmill Crane |
| 26:48 | Research | Murder Holes |
| 26:53 | Create | Villager (Male) |
| 26:53 | Create | Villager (Male) |
| 26:53 | Create | Villager (Male) |
| 26:57 | Research | Wheelbarrow |
| 27:21 | Build | Town Center |
| 27:26 | Create | Fishing Ship |
| 27:26 | Create | Fishing Ship |
| 27:30 | Create | Fishing Ship |
| 27:58 | Create | Spearman |
| 27:58 | Create | Spearman |
| 28:02 | Research | Squires |
| 28:09 | Create | Villager (Male) ×5 |
| 28:36 | Research | Bodkin Arrow |
| 28:57 | Research | Iron Casting |
| 29:28 | Research | Caravan |
| 29:28 | Create | Trade Cart |
| 29:29 | Create | Trade Cart |
| 29:55 | Create | Villager (Male) |
| 30:01 | Research | Masonry |
| 30:08 | Create | Villager (Male) ×5 |
| 31:11 | Research | Hand Cart |
| 31:22 | Create | Villager (Male) |
| 31:22 | Create | Villager (Male) |
| 31:26 | Create | Fishing Ship |
| 31:27 | Create | Fishing Ship |
| 32:09 | Research | Chain Mail Armor |
| 32:16 | Create | Villager (Male) |
| 32:16 | Create | Villager (Male) |
| 32:16 | Create | Villager (Male) |
| 32:41 | Build | Town Center |
| 32:50 | Create | Samurai |
| 32:52 | Create | Samurai |
| 33:04 | Build | Mining Camp |
| 33:46 | Research | Ballistics |
| 33:50 | Research | Padded Archer Armor |
| 34:05 | Create | Villager (Male) |
| 34:05 | Create | Villager (Male) |
| 34:10 | Research | Yasama |
| 34:19 | Create | Villager (Male) ×5 |
| 34:23 | Create | Fishing Ship |
Build order — Wollof_08 / German Mum
First 150 of 342 actions detected
| 1:39 | Build | Town Center |
| 3:20 | Research | Wheelbarrow |
| 3:21 | Research | Wheelbarrow |
| 3:24 | Create | Villager (Male) |
| 3:24 | Create | Villager (Male) |
| 3:25 | Create | Villager (Male) |
| 3:56 | Create | Villager (Male) |
| 4:40 | Build | House |
| 4:56 | Create | Villager (Male) |
| 5:52 | Build | House |
| 5:56 | Build | House |
| 5:58 | Build | House |
| 6:03 | Create | Villager (Male) |
| 6:03 | Create | Villager (Male) |
| 6:15 | Create | Villager (Male) |
| 6:38 | Research | Loom |
| 7:15 | Build | Palisade Wall |
| 7:52 | Build | Palisade Gate |
| 7:59 | Create | Villager (Male) |
| 7:59 | Create | Villager (Male) |
| 8:00 | Create | Villager (Male) |
| 8:00 | Create | Villager (Male) |
| 8:00 | Create | Villager (Male) |
| 9:12 | Create | Villager (Male) |
| 9:12 | Create | Villager (Male) |
| 9:28 | Build | Palisade Wall |
| 9:41 | Create | Villager (Male) |
| 10:22 | Create | Villager (Male) |
| 10:22 | Create | Villager (Male) |
| 10:45 | Create | Villager (Male) |
| 10:46 | Create | Villager (Male) |
| 11:13 | Build | Dock |
| 11:24 | Create | Villager (Male) |
| 11:24 | Create | Villager (Male) |
| 11:52 | Create | Villager (Male) |
| 11:52 | Create | Villager (Male) |
| 11:52 | Create | Villager (Male) |
| 12:05 | Create | Fishing Ship |
| 12:08 | Create | Fishing Ship |
| 12:25 | Create | Villager (Male) |
| 12:25 | Create | Villager (Male) |
| 12:26 | Create | Villager (Male) |
| 12:40 | Create | Villager (Male) |
| 12:41 | Create | Villager (Male) |
| 12:41 | Create | Villager (Male) |
| 12:48 | Research | Tech 906 |
| 13:15 | Build | Mill |
| 13:21 | Create | Villager (Male) |
| 13:45 | Build | House |
| 13:49 | Build | House |
| 14:07 | Create | Villager (Male) |
| 14:12 | Create | Fishing Ship |
| 14:25 | Create | Fishing Ship |
| 14:30 | Build | House |
| 14:32 | Build | House |
| 14:45 | Create | Villager (Male) |
| 14:47 | Create | Villager (Male) |
| 14:55 | Create | Fishing Ship |
| 15:48 | Create | Fishing Ship |
| 16:01 | Research | Feudal Age |
| 16:09 | Create | Fishing Ship |
| 16:19 | Build | Lumber Camp |
| 16:57 | Create | Fishing Ship |
| 16:58 | Create | Fishing Ship |
| 17:11 | Create | Villager (Male) |
| 17:11 | Create | Villager (Male) |
| 17:55 | Create | Villager (Male) |
| 18:11 | Age | Feudal Age |
| 18:12 | Research | Gillnets |
| 18:12 | Research | Gillnets |
| 18:14 | Create | Fishing Ship |
| 18:15 | Create | Fishing Ship |
| 18:15 | Create | Fishing Ship |
| 18:26 | Build | Barracks |
| 18:45 | Create | Villager (Male) |
| 19:06 | Build | Stable |
| 19:21 | Create | Villager (Male) |
| 19:27 | Create | Fishing Ship |
| 19:46 | Build | Market |
| 19:58 | Create | Villager (Male) |
| 20:28 | Create | Villager (Male) |
| 20:38 | Research | Double-Bit Axe |
| 20:47 | Create | Villager (Male) |
| 20:58 | Build | House |
| 21:01 | Build | House |
| 21:09 | Research | Castle Age |
| 21:44 | Build | House |
| 21:50 | Create | Villager (Male) |
| 22:09 | Create | Villager (Male) |
| 22:10 | Create | Villager (Male) |
| 22:39 | Create | Villager (Male) |
| 22:54 | Build | Dock |
| 23:01 | Create | Fishing Ship |
| 23:01 | Create | Fishing Ship |
| 23:33 | Create | Fishing Ship |
| 23:33 | Create | Fishing Ship |
| 23:34 | Create | Fishing Ship |
| 23:42 | Build | House |
| 23:45 | Build | House |
| 23:47 | Build | House |
| 23:58 | Research | Hand Cart |
| 24:05 | Build | Stable |
| 24:07 | Build | Stable |
| 24:11 | Age | Castle Age |
| 24:32 | Build | Town Center |
| 24:39 | Research | Husbandry |
| 24:46 | Research | Cavalier (upgrade) |
| 24:56 | Build | Blacksmith |
| 25:22 | Build | House |
| 25:23 | Build | House |
| 25:24 | Build | House |
| 25:36 | Create | Knight |
| 25:36 | Create | Knight |
| 25:37 | Create | Knight |
| 25:37 | Create | Knight |
| 25:37 | Create | Knight |
| 25:37 | Create | Knight |
| 25:44 | Research | Scale Barding Armor |
| 25:45 | Research | Forging |
| 26:08 | Create | Knight |
| 26:08 | Create | Knight |
| 26:08 | Create | Knight |
| 26:16 | Create | Villager (Male) |
| 26:17 | Create | Villager (Male) |
| 26:17 | Create | Villager (Male) |
| 26:17 | Create | Villager (Male) |
| 26:18 | Create | Villager (Male) |
| 26:22 | Research | Town Watch |
| 26:22 | Create | Villager (Male) |
| 26:23 | Create | Villager (Male) |
| 26:23 | Create | Villager (Male) |
| 26:23 | Create | Villager (Male) |
| 26:31 | Create | Knight |
| 26:31 | Create | Knight |
| 27:18 | Build | Town Center |
| 27:32 | Create | Knight |
| 27:32 | Create | Knight |
| 27:32 | Create | Knight |
| 27:33 | Create | Knight |
| 27:49 | Create | Knight |
| 27:49 | Create | Knight |
| 27:49 | Create | Knight |
| 27:49 | Create | Knight |
| 28:11 | Create | Knight |
| 28:12 | Create | Knight |
| 28:21 | Build | Town Center |
| 28:39 | Create | Knight |
| 28:40 | Create | Knight |
| 28:40 | Create | Knight |
| 28:40 | Create | Knight |
Build order — wheder
First 150 of 306 actions detected
| 1:12 | Build | Town Center |
| 3:11 | Create | Villager (Male) |
| 3:11 | Create | Villager (Male) |
| 3:11 | Create | Villager (Male) |
| 3:12 | Create | Villager (Male) |
| 3:12 | Create | Villager (Male) |
| 3:12 | Create | Villager (Male) |
| 3:13 | Research | Loom |
| 4:30 | Build | Dock |
| 5:43 | Create | Villager (Male) |
| 5:43 | Create | Villager (Male) |
| 5:48 | Create | Fishing Ship |
| 6:16 | Create | Villager (Male) |
| 6:17 | Create | Villager (Male) |
| 7:06 | Create | Villager (Male) |
| 7:06 | Create | Villager (Male) |
| 7:06 | Create | Villager (Male) |
| 7:47 | Create | Villager (Male) |
| 7:48 | Create | Villager (Male) |
| 7:48 | Create | Villager (Male) |
| 7:52 | Create | Fishing Ship |
| 8:18 | Create | Villager (Male) |
| 8:19 | Create | Villager (Male) |
| 9:10 | Create | Fishing Ship |
| 9:10 | Create | Fishing Ship |
| 9:18 | Create | Fishing Ship |
| 9:18 | Create | Fishing Ship |
| 9:36 | Create | Villager (Male) |
| 9:36 | Create | Villager (Male) |
| 9:37 | Create | Villager (Male) |
| 9:37 | Create | Villager (Male) |
| 9:37 | Create | Villager (Male) |
| 9:37 | Create | Villager (Male) |
| 9:40 | Create | Villager (Male) |
| 9:40 | Create | Villager (Male) |
| 9:41 | Create | Villager (Male) |
| 10:11 | Create | Villager (Male) |
| 10:14 | Create | Fishing Ship |
| 10:30 | Create | Fishing Ship |
| 10:44 | Create | Villager (Male) |
| 10:48 | Create | Fishing Ship |
| 11:33 | Build | Mill |
| 11:40 | Create | Fishing Ship |
| 11:52 | Create | Villager (Male) |
| 12:12 | Build | Mining Camp |
| 12:14 | Create | Villager (Male) |
| 12:16 | Create | Villager (Male) |
| 12:16 | Create | Villager (Male) |
| 12:17 | Create | Villager (Male) |
| 12:17 | Create | Villager (Male) |
| 12:17 | Create | Villager (Male) |
| 12:18 | Create | Villager (Male) |
| 12:18 | Create | Villager (Male) |
| 12:47 | Research | Feudal Age |
| 12:53 | Build | Mining Camp |
| 13:00 | Create | Fishing Ship |
| 13:00 | Create | Fishing Ship |
| 13:19 | Create | Villager (Male) |
| 13:19 | Create | Villager (Male) |
| 13:20 | Create | Villager (Male) |
| 13:44 | Create | Fishing Ship |
| 13:45 | Create | Fishing Ship |
| 14:22 | Create | Villager (Male) |
| 14:23 | Create | Villager (Male) |
| 14:23 | Create | Villager (Male) |
| 14:35 | Build | Lumber Camp |
| 15:06 | Age | Feudal Age |
| 15:09 | Research | Tech 906 |
| 15:37 | Research | Stone Mining |
| 15:57 | Create | Villager (Male) |
| 15:57 | Create | Villager (Male) |
| 15:58 | Create | Villager (Male) |
| 16:05 | Research | Gold Mining |
| 16:05 | Research | Gold Mining |
| 16:24 | Create | Villager (Male) |
| 16:25 | Create | Villager (Male) |
| 16:26 | Create | Villager (Male) |
| 16:42 | Create | Fishing Ship |
| 16:43 | Create | Fishing Ship |
| 16:43 | Create | Fishing Ship |
| 17:57 | Create | Villager (Male) |
| 17:58 | Create | Villager (Male) |
| 18:01 | Create | Fishing Ship |
| 18:01 | Create | Fishing Ship |
| 18:01 | Create | Fishing Ship |
| 18:03 | Create | Fishing Ship |
| 18:06 | Create | Villager (Male) |
| 18:07 | Create | Villager (Male) |
| 18:08 | Create | Villager (Male) |
| 18:08 | Create | Villager (Male) |
| 18:08 | Create | Villager (Male) |
| 18:56 | Build | Blacksmith |
| 19:10 | Build | Market |
| 19:20 | Research | Wheelbarrow |
| 19:22 | Research | Town Watch |
| 19:35 | Create | Fishing Ship |
| 20:15 | Build | Dock |
| 21:05 | Build | Dock |
| 21:10 | Build | Dock |
| 21:19 | Build | Lumber Camp |
| 22:05 | Build | Dock |
| 22:11 | Build | Lumber Camp |
| 22:27 | Create | Villager (Male) |
| 22:34 | Create | Fishing Ship |
| 22:34 | Create | Fishing Ship |
| 22:37 | Create | Fishing Ship |
| 22:37 | Create | Fishing Ship |
| 22:48 | Create | Fishing Ship |
| 22:59 | Create | Fishing Ship |
| 23:04 | Research | Castle Age |
| 23:29 | Build | Barracks |
| 23:48 | Create | Fishing Ship |
| 24:09 | Create | Villager (Male) ×5 |
| 24:40 | Build | Stable |
| 24:42 | Build | Stable |
| 25:00 | Build | Stable |
| 25:04 | Build | Stable |
| 25:07 | Research | Scale Barding Armor |
| 25:09 | Research | Forging |
| 25:44 | Age | Castle Age |
| 25:53 | Research | Chain Barding Armor |
| 26:03 | Research | Gillnets |
| 26:18 | Build | Castle |
| 26:26 | Research | Gold Shaft Mining |
| 26:30 | Research | Double-Bit Axe |
| 26:48 | Build | Stable |
| 26:50 | Build | Stable |
| 27:01 | Build | Castle |
| 27:24 | Create | Knight |
| 27:24 | Create | Knight |
| 27:31 | Build | Palisade Wall |
| 27:33 | Build | Palisade Wall |
| 27:59 | Build | Palisade Wall |
| 28:27 | Build | Monastery |
| 28:30 | Build | University |
| 28:34 | Create | Villager (Male) ×5 |
| 28:35 | Research | Hand Cart |
| 28:35 | Research | Town Patrol |
| 29:21 | Research | Marauders |
| 29:24 | Research | Murder Holes |
| 29:25 | Research | Ballistics |
| 29:50 | Build | Town Center |
| 30:29 | Build | Town Center |
| 30:57 | Create | Villager (Male) ×5 |
| 31:01 | Create | Villager (Male) ×5 |
| 31:05 | Create | Villager (Male) ×5 |
| 31:33 | Research | Masonry |
| 31:35 | Research | Caravan |
| 32:13 | Research | Bloodlines |
| 32:13 | Research | Husbandry |
Build order — 做爱真舒服
First 150 of 373 actions detected
| 0:06 | Build | Town Center |
| 2:23 | Create | Villager (Male) |
| 2:24 | Create | Villager (Male) |
| 2:24 | Create | Villager (Male) |
| 2:24 | Create | Villager (Male) |
| 2:25 | Create | Villager (Male) |
| 3:34 | Create | Villager (Male) |
| 3:34 | Create | Villager (Male) |
| 4:12 | Create | Villager (Male) |
| 4:40 | Create | Villager (Male) |
| 5:08 | Create | Villager (Male) |
| 5:08 | Create | Villager (Male) |
| 5:54 | Build | Mill |
| 6:00 | Create | Villager (Male) |
| 6:01 | Create | Villager (Male) |
| 6:01 | Create | Villager (Male) |
| 6:01 | Create | Villager (Male) |
| 7:11 | Create | Villager (Male) |
| 7:11 | Create | Villager (Male) |
| 7:39 | Create | Villager (Male) |
| 7:40 | Create | Villager (Male) |
| 7:48 | Create | Villager (Male) |
| 8:05 | Create | Villager (Male) |
| 8:06 | Create | Villager (Male) |
| 8:29 | Build | Lumber Camp |
| 8:34 | Create | Villager (Male) |
| 8:35 | Create | Villager (Male) |
| 8:42 | Build | Mill |
| 9:19 | Create | Villager (Male) |
| 9:19 | Create | Villager (Male) |
| 9:19 | Create | Villager (Male) |
| 9:19 | Create | Villager (Male) |
| 9:45 | Create | Villager (Male) |
| 9:45 | Create | Villager (Male) |
| 10:02 | Build | Farm |
| 10:05 | Build | Farm |
| 10:15 | Create | Villager (Male) |
| 10:15 | Create | Villager (Male) |
| 11:07 | Build | Mining Camp |
| 11:15 | Research | Loom |
| 11:32 | Research | Feudal Age |
| 11:33 | Create | Villager (Male) |
| 11:34 | Create | Villager (Male) |
| 12:07 | Build | Barracks |
| 12:25 | Build | Mill |
| 12:37 | Create | Villager (Male) |
| 13:24 | Build | Lumber Camp |
| 14:01 | Age | Feudal Age |
| 14:13 | Build | Stable |
| 14:25 | Build | Stable |
| 14:36 | Create | Villager (Male) |
| 15:32 | Build | Blacksmith |
| 15:54 | Create | Villager (Male) |
| 16:15 | Research | Castle Age |
| 16:56 | Build | Lumber Camp |
| 17:30 | Research | Wheelbarrow |
| 17:30 | Research | Town Watch |
| 17:32 | Research | Double-Bit Axe |
| 17:59 | Build | Farm |
| 18:13 | Build | Mining Camp |
| 18:59 | Age | Castle Age |
| 19:05 | Build | Town Center |
| 19:15 | Build | Town Center |
| 19:20 | Research | Bow Saw |
| 19:27 | Research | Horse Collar |
| 19:29 | Research | Gold Mining |
| 19:38 | Build | Mining Camp |
| 20:10 | Create | Knight |
| 20:23 | Build | Lumber Camp |
| 20:33 | Create | Villager (Male) |
| 21:09 | Create | Villager (Male) |
| 21:10 | Create | Villager (Male) |
| 21:13 | Create | Villager (Male) |
| 21:13 | Create | Villager (Male) |
| 21:16 | Create | Villager (Male) |
| 21:37 | Create | Villager (Male) |
| 21:37 | Create | Villager (Male) |
| 21:55 | Build | Farm |
| 21:56 | Build | Farm |
| 21:58 | Build | Farm |
| 22:01 | Build | Farm |
| 22:05 | Build | Farm |
| 22:06 | Build | Farm |
| 22:11 | Build | Farm |
| 22:22 | Build | Farm |
| 22:23 | Build | Farm |
| 22:30 | Build | Farm |
| 22:33 | Create | Villager (Male) |
| 22:33 | Create | Villager (Male) |
| 22:33 | Create | Villager (Male) |
| 22:41 | Build | Farm |
| 22:42 | Build | Farm |
| 22:45 | Build | Farm |
| 22:49 | Create | Villager (Male) |
| 23:02 | Build | Farm |
| 23:09 | Build | Farm |
| 23:11 | Create | Villager (Male) |
| 23:19 | Build | Farm |
| 23:20 | Create | Villager (Male) |
| 23:29 | Create | Villager (Male) |
| 23:30 | Create | Villager (Male) |
| 23:30 | Create | Villager (Male) |
| 23:43 | Research | Heavy Plow |
| 23:48 | Build | Farm |
| 23:59 | Create | Villager (Male) |
| 24:00 | Create | Villager (Male) |
| 24:00 | Create | Villager (Male) |
| 24:00 | Create | Villager (Male) |
| 24:01 | Create | Villager (Male) |
| 24:13 | Build | Farm |
| 24:24 | Build | Monastery |
| 24:27 | Create | Villager (Male) |
| 24:27 | Create | Villager (Male) |
| 24:28 | Create | Villager (Male) |
| 24:28 | Create | Villager (Male) |
| 24:44 | Create | Villager (Male) |
| 24:44 | Create | Villager (Male) |
| 24:45 | Create | Villager (Male) |
| 24:53 | Research | Stone Mining |
| 25:08 | Build | Farm |
| 25:15 | Build | Farm |
| 25:17 | Build | Farm |
| 25:19 | Build | Farm |
| 25:26 | Build | Farm |
| 25:29 | Create | Villager (Male) |
| 25:29 | Create | Villager (Male) |
| 25:29 | Create | Villager (Male) |
| 25:30 | Create | Villager (Male) |
| 25:30 | Create | Villager (Male) |
| 25:31 | Create | Villager (Male) |
| 25:37 | Create | Monk |
| 25:48 | Build | Farm |
| 25:58 | Build | Farm |
| 26:08 | Build | Farm |
| 26:09 | Build | Farm |
| 26:14 | Build | Farm |
| 26:25 | Build | Farm |
| 26:26 | Create | Villager (Male) |
| 26:26 | Create | Villager (Male) |
| 26:27 | Create | Villager (Male) |
| 26:27 | Create | Villager (Male) |
| 26:28 | Create | Villager (Male) |
| 26:28 | Create | Villager (Male) |
| 26:49 | Create | Villager (Male) |
| 26:49 | Create | Villager (Male) |
| 27:04 | Build | Archery Range |
| 27:06 | Build | Archery Range |
| 27:18 | Build | Mining Camp |
| 27:19 | Create | Villager (Male) |
| 27:19 | Create | Villager (Male) |
Match timeline
| 4:30 | wheder · first_building Dock |
| 7:15 | Wollof_08 / German Mum · wall_segment Palisade Wall x17 |
| 9:28 | Wollof_08 / German Mum · wall_segment Palisade Wall x9 |
| 10:09 | malejgaz · first_building Dock |
| 11:13 | Wollof_08 / German Mum · first_building Dock |
| 12:07 | 做爱真舒服 · first_building Barracks |
| 14:01 | 做爱真舒服 · age_up feudal |
| 14:13 | 做爱真舒服 · first_building Stable |
| 15:06 | wheder · age_up feudal |
| 18:11 | Wollof_08 / German Mum · age_up feudal |
| 18:26 | Wollof_08 / German Mum · first_building Barracks |
| 18:59 | 做爱真舒服 · age_up castle |
| 19:06 | Wollof_08 / German Mum · first_building Stable |
| 19:07 | malejgaz · first_building Barracks |
| 19:32 | malejgaz · age_up feudal |
| 23:29 | wheder · first_building Barracks |
| 24:11 | Wollof_08 / German Mum · age_up castle |
| 24:21 | Wollof_08 / German Mum · first_market_buy 100 wood |
| 24:24 | 做爱真舒服 · first_building Monastery |
| 24:40 | wheder · first_building Stable |
| 25:28 | malejgaz · age_up castle |
| 25:44 | wheder · age_up castle |
| 26:18 | wheder · first_building Castle |
| 26:39 | malejgaz · first_building Castle |
| 27:04 | 做爱真舒服 · first_building Archery Range |
| 27:31 | wheder · wall_segment Palisade Wall x1 |
| 27:33 | wheder · wall_segment Palisade Wall x1 |
| 27:59 | wheder · wall_segment Palisade Wall x1 |
| 28:27 | wheder · first_building Monastery |
| 28:45 | Wollof_08 / German Mum · first_market_sell 100 wood |
| 30:29 | 做爱真舒服 · first_building Castle |
| 34:24 | 做爱真舒服 · age_up imperial |
| 34:58 | Wollof_08 / German Mum · first_building Castle |
| 39:03 | malejgaz · tribute_sent a jugador 1 |
| 39:03 | malejgaz · tribute_sent a jugador 2 |
| 39:03 | malejgaz · tribute_sent a jugador 3 |
| 42:46 | wheder · first_building Archery Range |
| 43:25 | malejgaz · first_building Archery Range |
| 45:22 | malejgaz · age_up imperial |
| 49:11 | Wollof_08 / German Mum · age_up imperial |
| 56:45 | malejgaz · resign |
[ AI ANALYSIS · 1 CREDIT ]
What really happened in this match?
Wolo.gg analyzes every decision: build order, eco, micro, common mistakes by bracket. Personalized analysis on WhatsApp or Discord in 30 seconds.
Civ guide
Japanese
Perfil
Jugador #3770903